| TOP OF THE 1ST |
|
Greeneville Astros batting - Pitching for Seattle (APP) Mariners : LHP Mitch Lewis
|
|
Pitching: LHP Mitch Lewis
|
|
|
Batting: RHB Edgar Trejo
|
0-0: Called Strike 0-1: Swinging Strike 0-2: Ball 1-2: Ball 2-2: Ball 3-2: Fly out, F7 (Flyball, 7LM, EV 71.9 MPH)
|
|
Batting: RHB Sean Mounts
|
0-0: Called Strike 0-1: Ball 1-1: Called Strike 1-2: Strikes out swinging
|
|
Batting: RHB Ryan Salas
|
0-0: Ball 1-0: Ball 2-0: Ball 3-0: Base on Balls
|
|
Batting: RHB Workneh Lagat
|
0-0: Ball 1-0: Ball 2-0: Foul Ball, location: 2F 2-1: Swinging Strike 2-2: Strikes out swinging
|
| Top of the 1st over - 0 runs, 0 hits, 0 errors, 1 left on base; Greeneville 0 - Seattle (APP) 0 |
| BOTTOM OF THE 1ST |
|
Seattle (APP) Mariners batting - Pitching for Greeneville Astros : RHP Greg Otto
|
|
Pitching: RHP Greg Otto
|
|
|
Batting: RHB Tomokazu Sugimoto
|
0-0: Ground out 6-3 (Groundball, 6, EV 83.8 MPH)
|
|
Batting: SHB Tony Morales
|
0-0: Called Strike 0-1: Foul Ball, location: 2F 0-2: Strikes out swinging
|
|
Batting: LHB Omar Colunga
|
0-0: Fly out, F8 (Flyball, 8LXD, EV 90.6 MPH)
|
| Bottom of the 1st over - 0 runs, 0 hits, 0 errors, 0 left on base; Greeneville 0 - Seattle (APP) 0 |
| TOP OF THE 2ND |
|
Greeneville Astros batting - Pitching for Seattle (APP) Mariners : LHP Mitch Lewis
|
|
Batting: LHB Josh Birkner
|
0-0: Called Strike 0-1: Foul Ball, location: 2F 0-2: Foul Ball, location: 2F 0-2: Ball 1-2: Ground out 4-3 (Groundball, 34, EV 101.3 MPH)
|
|
Batting: LHB Jackson Trottier
|
0-0: Called Strike 0-1: Ball 1-1: Called Strike 1-2: Ball 2-2: Strikes out swinging, 2-3 out at first.
|
|
Batting: LHB Lou Toth
|
0-0: Ball 1-0: Called Strike 1-1: Foul Ball, location: 2F 1-2: Strikes out swinging
|
| Top of the 2nd over - 0 runs, 0 hits, 0 errors, 0 left on base; Greeneville 0 - Seattle (APP) 0 |
| BOTTOM OF THE 2ND |
|
Seattle (APP) Mariners batting - Pitching for Greeneville Astros : RHP Greg Otto
|
|
Batting: RHB Tze-meng Li
|
0-0: Ground out 6-3 (Groundball, 6S, EV 91.9 MPH)
|
|
Batting: RHB Ivan Davila
|
0-0: SINGLE (Line Drive, 7S, EV 93.8 MPH)
|
|
Batting: RHB Victor Rosas
|
0-0: Called Strike 0-1: Ball 1-1: Ball 2-1: Fielders Choice at 2nd, 5-4 (Groundball, 56D, EV 80.6 MPH)
|
|
Batting: RHB Mike Conaway
|
0-0: Ground out 5-3 (Groundball, 56S, EV 71.3 MPH)
|
| Bottom of the 2nd over - 0 runs, 1 hit, 0 errors, 1 left on base; Greeneville 0 - Seattle (APP) 0 |
| TOP OF THE 3RD |
|
Greeneville Astros batting - Pitching for Seattle (APP) Mariners : LHP Mitch Lewis
|
|
Batting: RHB Gabe Allen
|
0-0: Ground out 6-3 (Groundball, 56, EV 78.8 MPH)
|
|
Batting: RHB Guo-ning Chen
|
0-0: Foul Ball, location: 2F 0-1: Ball 1-1: Foul Ball, location: 2F 1-2: Ground out 5-3 (Groundball, 5, EV 86.9 MPH)
|
|
Batting: RHB Edgar Trejo
|
0-0: Called Strike 0-1: Foul Ball, location: 2F 0-2: Ball 1-2: Strikes out swinging
|
| Top of the 3rd over - 0 runs, 0 hits, 0 errors, 0 left on base; Greeneville 0 - Seattle (APP) 0 |
| BOTTOM OF THE 3RD |
|
Seattle (APP) Mariners batting - Pitching for Greeneville Astros : RHP Greg Otto
|
|
Batting: RHB Chris Van Niel
|
0-0: Ball 1-0: Swinging Strike 1-1: Called Strike 1-2: Strikes out swinging
|
|
Batting: RHB John Vasquez
|
0-0: Ball 1-0: Foul Ball, location: 2F 1-1: Ball 2-1: Swinging Strike 2-2: Foul Ball, location: 2F 2-2: Foul Ball, location: 2F 2-2: SINGLE (Line Drive, 78S, EV 112.5 MPH)
|
|
Batting: RHB Tomokazu Sugimoto
|
0-0: Ball 1-0: Ball 2-0: Called Strike 2-1: Swinging Strike 2-2: Grounds into double play, 6-4-3 (Groundball, 6, EV 88.8 MPH)
|
| Bottom of the 3rd over - 0 runs, 1 hit, 0 errors, 0 left on base; Greeneville 0 - Seattle (APP) 0 |
| TOP OF THE 4TH |
|
Greeneville Astros batting - Pitching for Seattle (APP) Mariners : LHP Mitch Lewis
|
|
Batting: RHB Sean Mounts
|
0-0: Ball 1-0: Called Strike 1-1: Ball 2-1: Foul Ball, location: 2F 2-2: Reached on error, E8 (Flyball, 8RD, EV 105.6 MPH)
|
|
Batting: RHB Ryan Salas
|
0-0: Called Strike 0-1: SINGLE (Flyball, 89S, EV 87.5 MPH) Sean Mounts to third
|
|
Batting: RHB Workneh Lagat
|
0-0: Called Strike 0-1: Ball 1-1: Fly out, F9 (Flyball, 89M, EV 75.6 MPH) Runner from 3rd tags up, OUT at HOME! 9-2 Ryan Salas to second
|
|
Batting: LHB Josh Birkner
|
0-0: Ground out 6-3 (Groundball, 6M, EV 77.5 MPH)
|
| Top of the 4th over - 0 runs, 1 hit, 1 error, 1 left on base; Greeneville 0 - Seattle (APP) 0 |
| BOTTOM OF THE 4TH |
|
Seattle (APP) Mariners batting - Pitching for Greeneville Astros : RHP Greg Otto
|
|
Batting: SHB Tony Morales
|
0-0: Ball 1-0: SINGLE (Line Drive, 6D, EV 106.3 MPH)
|
|
Batting: LHB Omar Colunga
|
0-0: Reached on error, E4 (Groundball, 4, EV 80.6 MPH) Tony Morales to second
|
|
Batting: RHB Tze-meng Li
|
0-0: DOUBLE (Flyball, 89D, EV 98.8 MPH) Tony Morales scores Omar Colunga to third
|
|
Batting: RHB Ivan Davila
|
0-0: Called Strike 0-1: Ball 1-1: Ball 2-1: Ball 3-1: Base on Balls
|
|
Batting: RHB Victor Rosas
|
0-0: Ball 1-0: Ball 2-0: Called Strike 2-1: Ball 3-1: Base on Balls Omar Colunga scores Tze-meng Li to third Ivan Davila to second
|
|
Batting: RHB Mike Conaway
|
0-0: Ball 1-0: Fielders Choice at 2nd, 4-6 (Groundball, 4, EV 91.9 MPH) Tze-meng Li scores Ivan Davila to third
|
|
Batting: RHB Chris Van Niel
|
0-0: DOUBLE (Flyball, 89XD, EV 101.3 MPH) Ivan Davila scores Mike Conaway to third
|
|
Batting: RHB John Vasquez
|
0-0: Ball 1-0: Ball 2-0: Ball 3-0: Base on Balls
|
|
Batting: RHB Tomokazu Sugimoto
|
0-0: Foul Ball, location: 2F 0-1: Foul Ball, location: 2F 0-2: Ground out 6-3 (Groundball, 6S, EV 66.9 MPH) Mike Conaway scores Chris Van Niel to third John Vasquez to second
|
|
Batting: SHB Tony Morales
|
0-0: Ball 1-0: Ball 2-0: Ball 3-0: Base on Balls
|
|
Batting: LHB Omar Colunga
|
0-0: Ball 1-0: Ball 2-0: Called Strike 2-1: Ball 3-1: Base on Balls Chris Van Niel scores John Vasquez to third Tony Morales to second
|
|
Pitching: RHP Danny Jensen
|
|
|
Batting: RHB Tze-meng Li
|
0-0: Ball 1-0: Ball 2-0: Hit by Pitch John Vasquez scores Tony Morales to third Omar Colunga to second
|
|
Batting: RHB Ivan Davila
|
0-0: Ball 1-0: Ball 2-0: Swinging Strike 2-1: Ball 3-1: Base on Balls Tony Morales scores Omar Colunga to third Tze-meng Li to second
|
|
Batting: RHB Victor Rosas
|
0-0: Ball 1-0: Ball 2-0: Called Strike 2-1: Ball 3-1: Base on Balls Omar Colunga scores Tze-meng Li to third Ivan Davila to second
|
|
Batting: RHB Mike Conaway
|
0-0: Fielders Choice at 2nd, 6-4 (Groundball, 56, EV 83.8 MPH)
|
| Bottom of the 4th over - 9 runs, 3 hits, 1 error, 3 left on base; Greeneville 0 - Seattle (APP) 9 |
| TOP OF THE 5TH |
|
Greeneville Astros batting - Pitching for Seattle (APP) Mariners : LHP Mitch Lewis
|
|
Batting: LHB Jackson Trottier
|
0-0: Ball 1-0: Foul Ball, location: 2F 1-1: Ball 2-1: Called Strike 2-2: Foul Ball, location: 2F 2-2: Strikes out swinging
|
|
Batting: LHB Lou Toth
|
0-0: Ball 1-0: Ball 2-0: Ball 3-0: Called Strike 3-1: Swinging Strike 3-2: Foul Ball, location: 2F 3-2: Ground out 6-3 (Groundball, 6M, EV 108.1 MPH)
|
|
Batting: RHB Gabe Allen
|
0-0: Foul Ball, location: 2F 0-1: Foul Ball, location: 2F 0-2: Strikes out swinging
|
| Top of the 5th over - 0 runs, 0 hits, 0 errors, 0 left on base; Greeneville 0 - Seattle (APP) 9 |
| BOTTOM OF THE 5TH |
|
Seattle (APP) Mariners batting - Pitching for Greeneville Astros : RHP Danny Jensen
|
|
Batting: RHB Chris Van Niel
|
0-0: Ball 1-0: Fly out, F8 (Flyball, 89S, EV 88.1 MPH)
|
|
Batting: RHB John Vasquez
|
0-0: Ball 1-0: SINGLE (Line Drive, 56D, EV 96.3 MPH)
|
|
Batting: RHB Tomokazu Sugimoto
|
0-0: Ball 1-0: Swinging Strike 1-1: 2-RUN HOME RUN (Flyball, 7D, EV 96.9 MPH), Distance : 377 ft
|
|
Pitching: RHP Mike Koch
|
|
|
Batting: SHB Tony Morales
|
0-0: Ball 1-0: Ball 2-0: Ball 3-0: Called Strike 3-1: Base on Balls
|
|
Batting: LHB Omar Colunga
|
0-0: SINGLE (Line Drive, 4D, EV 99.4 MPH) Tony Morales to second
|
|
Batting: RHB Tze-meng Li
|
0-0: Called Strike Balk! Tony Morales to third Omar Colunga to second 0-1: Ball Wild Pitch! Tony Morales scores Omar Colunga to third 1-1: Foul Ball, location: 2F 1-2: Foul Ball, location: 2F 1-2: Foul Ball, location: 2F 1-2: Ground out 6-3 (Groundball, 6M, EV 86.9 MPH) Omar Colunga scores
|
|
Batting: RHB Ivan Davila
|
0-0: Swinging Strike 0-1: Foul Ball, location: 2F 0-2: SOLO HOME RUN (Flyball, 7D, EV 98.8 MPH), Distance : 371 ft
|
|
Batting: RHB Victor Rosas
|
0-0: Ball 1-0: Ball 2-0: Ball 3-0: Called Strike 3-1: SINGLE (Line Drive, 8LS, EV 105.6 MPH)
|
|
Pitching: RHP Ray Fernandez
|
|
|
Batting: RHB Mike Conaway
|
0-0: Ball 1-0: Reached on error, E6 (Groundball, 6S, EV 71.9 MPH) Victor Rosas to second
|
|
Batting: RHB Chris Van Niel
|
0-0: Foul Ball, location: 2F 0-1: Ball 1-1: Ball 2-1: Ball 3-1: Base on Balls Victor Rosas to third Mike Conaway to second
|
|
Batting: RHB John Vasquez
|
0-0: Ball 1-0: Swinging Strike 1-1: Called Strike 1-2: Foul Ball, location: 2F 1-2: Ball 2-2: Ball 3-2: Base on Balls Victor Rosas scores Mike Conaway to third Chris Van Niel to second
|
|
Batting: RHB Tomokazu Sugimoto
|
0-0: Called Strike 0-1: Ball 1-1: Foul Ball, location: 2F 1-2: Strikes out swinging
|
| Bottom of the 5th over - 6 runs, 5 hits, 1 error, 3 left on base; Greeneville 0 - Seattle (APP) 15 |
| TOP OF THE 6TH |
|
Greeneville Astros batting - Pitching for Seattle (APP) Mariners : LHP Mitch Lewis
|
|
Batting: RHB Guo-ning Chen
|
0-0: Called Strike 0-1: Foul Ball, location: 2F 0-2: Strikes out swinging
|
|
Batting: RHB Edgar Trejo
|
0-0: Ground out 6-3 (Groundball, P, EV 86.9 MPH)
|
|
Batting: RHB Sean Mounts
|
0-0: Called Strike 0-1: Ball 1-1: Foul Ball, location: 2F 1-2: Ball 2-2: Strikes out swinging
|
| Top of the 6th over - 0 runs, 0 hits, 0 errors, 0 left on base; Greeneville 0 - Seattle (APP) 15 |
| BOTTOM OF THE 6TH |
|
Seattle (APP) Mariners batting - Pitching for Greeneville Astros : RHP Ray Fernandez
|
|
Pitching: RHP James Browning
|
|
|
Batting: SHB Tony Morales
|
0-0: Called Strike 0-1: Ball 1-1: Swinging Strike 1-2: Ground out 5-3 (Groundball, 56, EV 86.9 MPH)
|
|
Batting: LHB Omar Colunga
|
0-0: Swinging Strike 0-1: Ball 1-1: SOLO HOME RUN (Flyball, 9D, EV 96.3 MPH), Distance : 356 ft
|
|
Batting: RHB Tze-meng Li
|
0-0: Ball 1-0: Ball 2-0: SINGLE (Line Drive, 6MD, EV 96.3 MPH)
|
|
Batting: RHB Ivan Davila
|
0-0: Ball 1-0: Ball 2-0: Ball 3-0: Called Strike 3-1: Foul Ball, location: 2F 3-2: Base on Balls Tze-meng Li to second
|
|
Batting: RHB Victor Rosas
|
0-0: Ball 1-0: Ball 2-0: Swinging Strike 2-1: Ball 3-1: DOUBLE (Line Drive, 89D, EV 111.3 MPH) Tze-meng Li scores Ivan Davila to third
|
|
Pitching: LHP Ruben Rojas
|
|
|
Batting: RHB Mike Conaway
|
0-0: Swinging Strike 0-1: Ground out 6-3 (Groundball, 6, EV 92.5 MPH) Ivan Davila scores
|
|
Batting: RHB Chris Van Niel
|
0-0: Called Strike 0-1: Swinging Strike 0-2: Ball 1-2: Strikes out looking
|
| Bottom of the 6th over - 3 runs, 3 hits, 0 errors, 1 left on base; Greeneville 0 - Seattle (APP) 18 |
| TOP OF THE 7TH |
|
Greeneville Astros batting - Pitching for Seattle (APP) Mariners : LHP Mitch Lewis
|
|
Batting: RHB Ryan Salas
|
0-0: Swinging Strike 0-1: Ball 1-1: Foul Ball, location: 2F 1-2: Hit by Pitch
|
|
Batting: RHB Workneh Lagat
|
0-0: Called Strike 0-1: Called Strike 0-2: Strikes out swinging
|
|
Batting: LHB Josh Birkner
|
0-0: Called Strike 0-1: Swinging Strike 0-2: Ball 1-2: Strikes out looking
|
|
Batting: LHB Jackson Trottier
|
0-0: Ball 1-0: Called Strike 1-1: Swinging Strike 1-2: Foul Ball, location: 2F 1-2: Ball 2-2: Strikes out swinging
|
| Top of the 7th over - 0 runs, 0 hits, 0 errors, 1 left on base; Greeneville 0 - Seattle (APP) 18 |
| BOTTOM OF THE 7TH |
|
Seattle (APP) Mariners batting - Pitching for Greeneville Astros : LHP Ruben Rojas
|
|
Batting: RHB John Vasquez
|
0-0: Called Strike 0-1: Ball 1-1: Foul Ball, location: 2F 1-2: SINGLE (Groundball, 4MD, EV 99.4 MPH)
|
|
Batting: RHB Tomokazu Sugimoto
|
0-0: SINGLE (Groundball, 56D, EV 97.5 MPH) John Vasquez to second
|
|
Batting: SHB Tony Morales
|
0-0: Ball 1-0: Called Strike 1-1: Called Strike 1-2: Foul Ball, location: 2F 1-2: Ball 2-2: Strikes out swinging
|
|
Batting: LHB Omar Colunga
|
0-0: Called Strike 0-1: SINGLE (Line Drive, 6D, EV 99.4 MPH) John Vasquez to third Tomokazu Sugimoto to second
|
|
Pitching: RHP Oscar Andrade
|
|
|
Batting: RHB Tze-meng Li
|
0-0: Called Strike 0-1: Ball 1-1: Fly out, F9 (Flyball, 89S, EV 83.8 MPH)
|
|
Batting: RHB Ivan Davila
|
0-0: Foul Ball, location: 2F 0-1: Foul Ball, location: 2F 0-2: Foul Ball, location: 2F 0-2: Ball 1-2: Ball 2-2: Fly out, F6 (Popup, 6M, EV 70.0 MPH)
|
| Bottom of the 7th over - 0 runs, 3 hits, 0 errors, 3 left on base; Greeneville 0 - Seattle (APP) 18 |
| TOP OF THE 8TH |
|
Greeneville Astros batting - Pitching for Seattle (APP) Mariners : LHP Mitch Lewis
|
|
Pitching: RHP Willie Sanchez
|
|
|
Batting: LHB Lou Toth
|
0-0: Ball 1-0: Called Strike 1-1: Ball 2-1: Foul Ball, location: 2F 2-2: Strikes out swinging
|
|
Batting: RHB Gabe Allen
|
0-0: Ground out 6-3 (Groundball, 6S, EV 87.5 MPH)
|
|
Batting: RHB Guo-ning Chen
|
0-0: Ball 1-0: Called Strike 1-1: Ball 2-1: Called Strike 2-2: Strikes out swinging
|
| Top of the 8th over - 0 runs, 0 hits, 0 errors, 0 left on base; Greeneville 0 - Seattle (APP) 18 |
| BOTTOM OF THE 8TH |
|
Seattle (APP) Mariners batting - Pitching for Greeneville Astros : RHP Oscar Andrade
|
|
Batting: RHB Victor Rosas
|
0-0: Ball 1-0: Called Strike 1-1: Ground out 1-3 (Groundball, 13S, EV 75.0 MPH)
|
|
Batting: RHB Mike Conaway
|
0-0: Ball 1-0: Called Strike 1-1: Foul Ball, location: 2F 1-2: Ball 2-2: Foul Ball, location: 2F 2-2: Ground out 4-3 (Groundball, 4S, EV 83.8 MPH)
|
|
Batting: RHB Chris Van Niel
|
0-0: Ball 1-0: Called Strike 1-1: Ball 2-1: Swinging Strike 2-2: Ball 3-2: Base on Balls
|
|
Batting: RHB John Vasquez
|
0-0: Called Strike 0-1: Fly out, F2 (Popup, 23F, EV 80.6 MPH)
|
| Bottom of the 8th over - 0 runs, 0 hits, 0 errors, 1 left on base; Greeneville 0 - Seattle (APP) 18 |
| TOP OF THE 9TH |
|
Greeneville Astros batting - Pitching for Seattle (APP) Mariners : RHP Willie Sanchez
|
|
Batting: RHB Edgar Trejo
|
0-0: Swinging Strike 0-1: Swinging Strike 0-2: Strikes out looking
|
|
Batting: RHB Sean Mounts
|
0-0: Foul Ball, location: 2F 0-1: Called Strike 0-2: Ball 1-2: Ground out 1-3 (Groundball, 13, EV 67.5 MPH)
|
|
Batting: RHB Ryan Salas
|
0-0: Called Strike 0-1: Ball 1-1: Ball 2-1: Foul Ball, location: 2F 2-2: Strikes out looking
|
| Top of the 9th over - 0 runs, 0 hits, 0 errors, 0 left on base; Greeneville 0 - Seattle (APP) 18 |
|